 Dungeon Crawl Stone Soup version 0.25.1-9-gc5326a611f (webtiles) character file.

Game seed: 13185239960104586615

142 tygod the Cudgeler (level 5, -17/33 HPs)
             Began as a Gargoyle Monk on July 13, 2021.
             Was a Believer of Nemelex Xobeh.
             Demolished by an ogre
             ... wielding a +0 giant club
              (23 damage)
             ... on level 4 of the Dungeon.
             The game lasted 00:06:01 (3712 turns).

tygod the Cudgeler (Gargoyle Monk)                  Turns: 3712, Time: 00:06:02

Health: -17/33     AC:  7    Str: 15    XL:     5   Next: 25%
Magic:  5/5        EV: 12    Int: 11    God:    Nemelex Xobeh [**....]
Gold:   166        SH:  0    Dex: 12    Spells: 4/4 levels left

rFire    . . .     SeeInvis .   a - +0 mace
rCold    . . .     Gourm    .   (no shield)
rNeg     + . .     Faith    .   w - +0 leather armour
rPois    ∞         Spirit   .   (no helmet)
rElec    +         Reflect  .   (no cloak)
rCorr    .         Harm     .   (no gloves)
MR       .....                  (no boots)
Stlth    ++........             (no amulet)
HPRegen  0.11/turn              (no ring)
MPRegen  0.09/turn              (no ring)

@: no status effects
A: negative energy resistance 1, electricity resistance, unbreathing,
petrification resistance, rot immunity, AC +4
a: Draw Escape, Draw Destruction, Draw Summoning, Renounce Religion


You were on level 4 of the Dungeon.
You worshipped Nemelex Xobeh.
Nemelex Xobeh was pleased with you.
You were not hungry.

You visited 1 branch of the dungeon, and saw 4 of its levels.

You collected 166 gold pieces.

Inventory:

Hand Weapons
 a - a +0 mace (weapon)
Missiles
 h - 153 stones (quivered)
 l - 26 bolts
 q - 46 arrows
 u - 28 poisoned darts
Armour
 b - a +0 robe
 w - a +0 leather armour (worn)
Magical Staves
 x - a cursed staff of air {unknown}
Wands
 v - a wand of paralysis (8)
Scrolls
 d - a scroll of immolation
 e - a scroll of blinking {unknown}
 i - a scroll of teleportation {unknown}
 m - a scroll of amnesia {unknown}
 o - a scroll of enchant armour {unknown}
 r - 2 scrolls of magic mapping
 s - a scroll of fear {unknown}
 t - 5 scrolls of identify
Potions
 f - a potion of brilliance {unknown}
 g - a potion of lignification {unknown}
 j - a potion of invisibility
 k - a potion of stabbing {unknown}
 n - a potion of curing
 p - a potion of flight {unknown}
Comestibles
 c - 5 rations
 z - a chunk of flesh


   Skills:
 + Level 3.9 Fighting
 + Level 4.3 Maces & Flails
 + Level 1.5 Armour
 + Level 3.0 Dodging
 + Level 2.8 Stealth


You had 4 spell levels left.
You didn't know any spells.
Your spell library was empty.

Dungeon Overview and Level Annotations

Branches:
Dungeon (4/15)
 Temple: D:4-7

Altars:
Nemelex Xobeh
Okawaru
Xom


Innate Abilities, Weirdness & Mutations

You are resistant to torment.
Your stone body is resilient. (AC +4)
You are immune to poison.
You resist negative energy. (rN+)
You are resistant to electric shocks. (rElec)
You can survive without breathing.
You are immune to petrification.
You are immune to rotting.


Message History

You throw a poisoned dart. The poisoned dart hits the ogre.
The ogre is poisoned.
Fire/throw which item? (* to show all) (? for menu, Esc to quit)
Okay, then.
You draw a card...
You have drawn Wild Magic.
The ogre is briefly tinged with green!
The ogre looks even sicker.
You feel a surge of magic.
You hit the ogre.
The ogre is severely wounded.
The ogre hits you with a +0 giant club!!
Ouch! That really hurt!
* * * LOW HITPOINT WARNING * * *
An adder comes into view.
The adder hisses angrily.
You hit the ogre.
The ogre is almost dead.
The ogre hits you with a +0 giant club!!
Ouch! That really hurt!
You die...
Your body glows slightly and disappears.

##.
#..
#S#
#.#
#(#
#.#
#O#
#@#
#..#
#.##
#.
#.
#.
#.
#.


You could see an ogre (very poisoned) and an adder.

Vanquished Creatures
  An orc priest (D:3)
  4 adders
  An ooze (D:3)
  4 worms
  A dart slug (D:1)
  A leopard gecko (D:3)
  4 orcs (D:3)
  7 bats
  3 giant cockroaches
  A goblin (D:1)
  11 hobgoblins
  4 jackals
  2 quokkas (D:3)
  2 frilled lizards (D:2)
  5 kobolds
  4 rats
55 creatures vanquished.

Notes
Turn   | Place    | Note
-------+----------+-------------------------------------------
     0 | D:1      | tygod the Gargoyle Monk began the quest for the Orb.
     0 | D:1      | Reached XP level 1. HP: 14/14 MP: 1/1
   395 | D:2      | Reached XP level 2. HP: 19/19 MP: 2/2
   709 | D:2      | Reached XP level 3. HP: 23/23 MP: 3/3
  1531 | D:1      | Reached XP level 4. HP: 24/29 MP: 4/4
  2015 | D:3      | Found a shimmering altar of Xom.
  2282 | D:3      | Reached skill level 4 in Maces & Flails
  3310 | D:3      | Reached skill level 1 in Armour
  3310 | D:3      | Reached XP level 5. HP: 13/33 MP: 5/5
  3538 | D:3      | Found a shimmering altar of Xom.
  3561 | D:3      | Found a sparkling altar of Nemelex Xobeh.
  3572 | D:3      | Found an iron altar of Okawaru.
  3592 | D:3      | Became a worshipper of Nemelex Xobeh the Trickster
  3592 | D:3      | Received a gift from Nemelex Xobeh
  3592 | D:3      | Reached * piety under Nemelex Xobeh
  3592 | D:3      | Received a gift from Nemelex Xobeh
  3592 | D:3      | Reached ** piety under Nemelex Xobeh
  3708 | D:4      | Noticed an ogre
  3712 | D:4      | Demolished by an ogre

Illustrated notes

Levels and vault maps discovered:
D:1:      minmay_arrival_glassed_features, layout_basic
D:2:      layout_loops_corners, first_ration
D:3:      layout_basic, minmay_overflow_temple_star_quad, lemuel_tele_altar
D:4:      minmay_inner_zag, layout_loops_ring, grunt_temple_overflow_holy_war,
          hex_tiny, uniq_robin, uniq_menkaure

Skill      XL: |  1  2  3  4  5 |
---------------+----------------+-----
Maces & Flails | 4 |  4.3
Armour         | 1 |  1.5
Dodging        | 3 |  3.0
Fighting       | |  3.9
Stealth        | |  2.8

Action                   |  1- 3 |  4- 6 || total
-------------------------+-------+-------++-------
Melee: Mace              |    97 |   102 ||   199
Throw: Dart              |       |     2 ||     2
Invok: Draw Destruction  |       |     1 ||     1
  Use: Scroll            |     1 |     3 ||     4
 Stab: Sleeping          |     2 |     7 ||     9
  Eat: Chunk             |     2 |     4 ||     6
       Ration            |       |     1 ||     1
Armor: Robe              |    24 |    24 ||    48
       Leather armour    |       |    22 ||    22
Dodge: Dodged            |    84 |    45 ||   129
